 Dungeon Crawl Stone Soup version 0.28-a0-612-gcfc00ec14d (webtiles) character file.

Game seed: 4564953007310942998

5072 robertstho the Basher (level 10, 0/64 HPs)
             Began as a Gargoyle Fighter on Oct 5, 2021.
             Was a Follower of the Shining One.
             Slain by a yak (11 damage)
             ... on level 9 of the Dungeon.
             The game lasted 00:10:14 (8029 turns).

robertstho the Basher (Gargoyle Fighter)            Turns: 8029, Time: 00:10:16

Health: 0/64       AC: 27    Str: 27    XL:     10   Next: 56%
Magic:  13/13      EV:  9    Int: 10    God:    the Shining One [*.....]
Gold:   595        SH:  6    Dex: 21    Spells: 9/9 levels left

rFire   . . .      SeeInvis .   a - +0 flail
rCold   . . .      Faith    .   c - +0 buckler
rNeg    + . .      Spirit   .   B - +0 plate armour
rPois   ∞          Reflect  .   o - +2 helmet
rElec   +          Harm     .   (no cloak)
rCorr   +          Rampage  .   w - +0 pair of gloves
Will    .....                   x - +0 pair of boots
Stlth   ..........              y - amulet of the acrobat
HPRegen 0.20/turn               C - +6 ring of dexterity
MPRegen 0.13/turn               f - ring of Dithmenos's Hatred {+Blink rCorr Str+3 Dex+6}

@: mighty, flying, glowing
A: sickness immunity, AC +7, negative energy resistance 1, electricity
resistance, torment resistance 1, petrification resistance, big wings, talons 1,
clever 1
a: Renounce Religion, Evoke Blink


You were on level 9 of the Dungeon.
You worshipped the Shining One.
The Shining One was aware of your devotion.
You visited 2 branches of the dungeon, and saw 10 of its levels.
You also visited: Ossuary.

You collected 595 gold pieces.

Inventory:

Hand Weapons
 a - a +0 flail (weapon)
Armour
 c - a +0 buckler (worn)
 o - a +2 helmet (worn)
 w - a +0 pair of gloves (worn)
 x - a +0 pair of boots (worn)
 B - a +0 plate armour (worn)
 D - a +3 leather armour of fire resistance
Jewellery
 b - a ring of magical power
 f - the ring of Dithmenos's Hatred (right hand) {+Blink rCorr Str+3 Dex+6}
   (You acquired it on level 5 of the Dungeon)

   [ring of dexterity]

   Str:       It affects your strength (+3).
   Dex:       It affects your dexterity (+6).
   +Blink:    It lets you blink.
   rCorr:     It protects you from acid and corrosion.
 y - an amulet of the acrobat (around neck)
 C - a +6 ring of dexterity (left hand)
Wands
 e - a wand of digging (7)
 z - a wand of paralysis (5)
 F - a wand of acid (12)
Scrolls
 d - 2 scrolls of fear
 g - 2 scrolls of teleportation
 k - 3 scrolls of fog
 p - a scroll of summoning {unknown}
 s - a scroll of blinking
 u - 3 scrolls of immolation
 v - a scroll of magic mapping {unknown}
 E - a scroll of amnesia
 G - a scroll of vulnerability {unknown}
Potions
 h - 2 potions of might
 i - a potion of brilliance {unknown}
 l - a potion of lignification {unknown}
 m - 4 potions of magic {unknown}
 n - 3 potions of curing
 q - a potion of haste {unknown}
 r - 2 potions of flight {unknown}
 t - 2 potions of degeneration {unknown}
 A - a potion of berserk rage {unknown}


   Skills:
 * Level 8.3 Fighting
 + Level 9.3 Maces & Flails
 * Level 9.1 Armour
 + Level 2.0 Dodging
 + Level 5.8 Shields
 * Level 4.3 Invocations


You had 9 spell levels left.
You didn't know any spells.
Your spell library contained the following spells:

 Spells                   Type           Power      Damage    Failure   Level
 Corpse Rot               Necr/Air       N/A        N/A       99%         2
 Ensorcelled Hibernation  Hex/Ice        0%         N/A       99%         2
 Poisonous Vapours        Pois/Air       0%         N/A       99%         2
 Tukima's Dance           Hex            0%         N/A       100%        3


Dungeon Overview and Level Annotations

Branches:
Dungeon (9/15)             Temple (1/1) D:6         Ossuary (visited)
   Lair: D:8-11         Orc: D:9-12

Altars:
Ashenzari
Cheibriados
Dithmenos
Elyvilon
Fedhas
Gozag
Hepliaklqana
Kikubaaqudgha
Makhleb
Nemelex Xobeh
Okawaru
Ru
Sif Muna
Trog
Uskayaw
Vehumet
Wu Jian
Xom
Yredelemnul
Zin
The Shining One

Shops:
D:2 [*


Innate Abilities, Weirdness & Mutations

You are immune to sickness and miasma.
Your stone body is resilient. (AC +7)
You are immune to poison.
You resist negative energy. (rN+)
You are resistant to electric shocks. (rElec)
You are resistant to unholy torment.
You are immune to petrification.
Your large and strong wings let you fly.
You have sharp toenails.
Your mind is acute. (Int +2)


Message History

The yak is almost dead.
The yak gores you but does no damage.
You sock the yak!
You kill the yak!
The yak gores you but does no damage.
Your plate armour prevents you from hitting the yak.
The yak is heavily wounded.
You hit the yak.
The yak is heavily wounded.
The yak gores you!
You sock the yak!
The yak is almost dead.
The yak gores you but does no damage.
You hit the yak.
The yak is almost dead.
You block the yak's attack.
You bludgeon the yak!!
You kill the yak!
Your plate armour prevents you from hitting the yak.
The yak gores you but does no damage.
You bludgeon the yak!!
The yak is heavily wounded.
The yak gores you but does no damage.
You hit the yak.
The yak is severely wounded.
The yak gores you!
* * * LOW HITPOINT WARNING * * *
You bludgeon the yak!!
You kill the yak!
The basilisk gazes at you. You resist with some effort.
You hit the yak.
The yak is lightly wounded.
The yak gores you but does no damage.
You sock the yak!
The yak is moderately wounded.
You sock the yak!
The yak is heavily wounded.
The yak gores you!
You die...

#[#.....#(#...........#
#'.....'##..##.......#
...#####...#..........#
... #.....##.......#
... #..#.###.......#
.#. #.....##.......# .
#...#....#######
....'##...l####
.....#.#.(#lY@.#####
.....
##..####.....#####
#...#
..#.#####.....<..# ....
.#...##..)........# ...
# ###....##........#
##### ##########


You could see a yak, a basilisk and an iguana.

Vanquished Creatures
  Pikel (D:6)
  Joseph (D:8)
  Prince Ribbit (D:5)
  A hornet (D:9)
  9 yaks (D:9)
  3 water moccasins
  An ice beast (D:6)
  An orc warrior (D:9)
  2 necrophages
  2 phantoms
  Blork the orc (D:5)
  3 scorpions
  A wyvern zombie (D:7)
  8 killer bees
  A water moccasin skeleton (D:5)
  A wyvern skeleton (D:7)
  A howler monkey (D:9)
  A centaur zombie (D:7)
  3 jellies
  A hound (D:6)
  2 centaur skeletons
  2 orc priests
  2 bullfrog skeletons (D:5)
  Natasha (thrice) (D:2)
  11 orc wizards
  An iguana (D:5)
  A hound zombie (D:5)
  A hound skeleton (D:4)
  Robin (D:2)
  8 mummies (Ossuary)
  6 gnolls (D:6)
  8 adders
  A shadow imp (D:5)
  An ufetubus (D:6)
  A worm zombie (D:4)
  An adder skeleton (D:4)
  A worm (D:2)
  A dart slug (D:5)
  16 orcs
  9 bats
  3 endoplasms
  2 giant cockroaches (D:3)
  A gnoll zombie (D:4)
  12 goblins
  2 hobgoblins (D:3)
  3 jackals (D:5)
  8 kobolds
  4 quokkas
  7 ball pythons
  2 frilled lizards
  3 hobgoblin zombies (Ossuary)
  4 kobold zombies (Ossuary)
  An orc zombie (Ossuary)
  5 rats
177 creatures vanquished.

Vanquished Creatures (others)
  2 fungi (D:9)
  14 plants (D:9)
16 creatures vanquished.

Grand Total: 193 creatures vanquished

Notes
Turn   | Place    | Note
-------+----------+-------------------------------------------
     0 | D:1      | robertstho the Gargoyle Fighter began the quest for the
                  | Orb.
     0 | D:1      | Reached XP level 1. HP: 14/14 MP: 1/1
   778 | D:1      | Reached XP level 2. HP: 15/19 MP: 2/2
  1293 | D:2      | Noticed Natasha
  1296 | D:2      | Noticed a crimson imp
  1298 | D:2      | Reached XP level 3. HP: 15/24 MP: 3/3
  1302 | D:2      | HP: 1/24 [adder (2)]
  1304 | D:2      | Noticed Robin
  1305 | D:2      | Gained mutation: Your large and strong wings let you fly.
                  | [potion of mutation]
  1305 | D:2      | Gained mutation: You have sharp toenails. [potion of
                  | mutation]
  1305 | D:2      | Gained mutation: Your mind is acute. (Int +2) [potion of
                  | mutation]
  1309 | D:2      | Killed Natasha
  1310 | D:2      | Reached XP level 4. HP: 11/29 MP: 4/4
  1858 | D:3      | Noticed a necrophage
  1864 | D:3      | Killed a necrophage
  1865 | D:3      | Reached XP level 5. HP: 34/34 MP: 5/5
  2114 | D:3      | Reached XP level 6. HP: 25/39 MP: 6/6
  2119 | D:3      | Reached skill level 1 in Dodging
  2234 | D:3      | Found a faded altar of an unknown god.
  2551 | D:2      | Found Opres's Armour Emporium.
  2593 | D:2      | Killed Robin
  2594 | D:2      | Reached skill level 5 in Armour
  2706 | D:2      | Noticed Natasha
  2714 | D:2      | Killed Natasha
  2792 | D:2      | Noticed Natasha
  2800 | D:2      | Killed Natasha
  2891 | D:2      | Found Inumuezu's Assorted Antiques.
  3256 | D:4      | Noticed a necrophage
  3272 | D:4      | Killed a necrophage
  3273 | D:4      | Reached skill level 5 in Fighting
  3339 | D:4      | Reached XP level 7. HP: 42/44 MP: 7/7
  3458 | D:4      | Found a sand-covered staircase.
  3478 | Ossuary  | Entered an ossuary
  3977 | D:5      | Entered Level 5 of the Dungeon
  3982 | D:5      | Identified a scroll of acquirement
  3984 | D:5      | Acquired the ring of Dithmenos's Hatred {+Blink rCorr Str+3
                  | Dex+6}
  4088 | D:5      | Noticed Prince Ribbit
  4318 | D:5      | Killed Prince Ribbit
  4319 | D:5      | Reached skill level 5 in Maces & Flails
  4319 | D:5      | Reached XP level 8. HP: 48/51 MP: 8/8
  4889 | D:5      | Noticed Blork the orc
  4897 | D:5      | Killed Blork the orc
  5002 | D:6      | Noticed Pikel
  5018 | D:6      | Killed Pikel
  5161 | D:6      | Reached XP level 9. HP: 54/56 MP: 9/9
  5310 | D:6      | Found a staircase to the Ecumenical Temple.
  5433 | Temple   | Entered the Ecumenical Temple
  5748 | Temple   | Became a worshipper of the Shining One
  6074 | D:6      | Reached skill level 1 in Invocations
  6606 | D:7      | Found a shimmering altar of Xom.
  6606 | D:7      | Found a hide-covered altar of Uskayaw.
  7047 | D:7      | Found an iron altar of Okawaru.
  7128 | D:8      | Noticed Joseph
  7145 | D:8      | Killed Joseph
  7146 | D:8      | Reached skill level 5 in Shields
  7343 | D:8      | Noticed a skeletal warrior
  7344 | D:8      | Noticed a skeletal warrior
  7344 | D:8      | Noticed a skeletal warrior
  7349 | D:8      | Noticed a skeletal warrior
  7568 | D:9      | Reached * piety under the Shining One
  7863 | D:9      | Reached XP level 10. HP: 58/64 MP: 12/12
  8029 | D:9      | Slain by a yak

Illustrated notes

Levels and vault maps discovered:
D:1:      heliophobic_arrival_enchanted_forest, layout_basic,
          hangedman_decor_growths
D:2:      layout_loops_ring, serial_shops, shop, shop, uniq_robin, uniq_natasha
D:3:      layout_loops_cross, chequers_ecumenical_altar_simple, grunt_decor_cap,
          minmay_pentangle
D:4:      layout_rooms, enter_ossuary_3
D:5:      layout_gridville, uniq_blork_the_orc, uniq_prince_ribbit1
D:6:      layout_basic, minmay_temple_entry_hall, uniq_pikel
D:7:      layout_cave_pools, gammafunk_temple_overflow_pools,
          kennysheep_little_box
D:8:      minmay_inner_zag, layout_loops_ring, uniq_joseph
D:9:      layout_rooms, minmay_lair_entry_grove, orc_0_dummy,
          minmay_fractal_squares_diagonal_5
Temple:   dpeg_five_rooms_temple

Skill      XL: |  1  2  3  4  5  6  7  8  9 10 |
---------------+-------------------------------+-----
Armour         | 4 5 6 7 8 9 |  9.1
Fighting       | 4 5 6 7 8 |  8.3
Maces & Flails | 3 4 5 7 8 9 |  9.3
Dodging        | 1 2 |  2.0
Shields        | 4 5 |  5.8
Invocations    | 3 4 |  4.3

Action                   |  1- 3 |  4- 6 |  7- 9 | 10-12 || total
-------------------------+-------+-------+-------+-------++-------
Melee: Flail             |    64 |   162 |   452 |    92 ||   770
       Kick              |     1 |    27 |    35 |       ||    63
  Use: Potion            |     4 |       |     1 |     4 ||     9
       Scroll            |     1 |       |     9 |       ||    10
Armor: Scale mail        |    72 |   109 |       |       ||   181
       Chain mail        |       |    18 |   216 |       ||   234
       Plate armour      |       |       |    83 |    53 ||   136
Dodge: Dodged            |    52 |    76 |   198 |    40 ||   366
Block: Buckler           |    19 |    38 |   119 |    22 ||   198

Table legend: (Time is in decaauts)
 A = Elapsed time spent in this place.
 B = Non-inter-level travel time spent in this place.
 C = Inter-level travel time spent in this place.
 D = Time resting spent in this place.
 E = Time spent auto-exploring this place.
 F = Levels seen in this place.
 G = Mean time per level.
                   A        B        C        D        E       F      G
               +--------+--------+--------+--------+--------+-----+--------+
         Total |   8119 |   7760 |    359 |    938 |   5261 |  11 |  738.1 |
       Dungeon |   7440 |   7172 |    268 |    938 |   4773 |   9 |  826.7 |
        Temple |    350 |    259 |     91 |      0 |    248 |   1 |  350.0 |
       Ossuary |    328 |    328 |      0 |      0 |    240 |   1 |  328.0 |
               +--------+--------+--------+--------+--------+-----+--------+

Top non-repeatable levels by time:
     D:3: 1263 daAuts
     D:1: 1188 daAuts
     D:5: 1119 daAuts
     D:6: 1011 daAuts
     D:2: 822 daAuts
     D:7: 669 daAuts
     D:9: 621 daAuts
     D:4: 448 daAuts
  Temple: 350 daAuts
 Ossuary: 328 daAuts
     D:8: 295 daAuts
